 Dungeon Crawl Stone Soup version 0.16.1-2-g95b8d4c (webtiles) character file.

492 Chiseanne the Covered (level 7, -8/35 HPs)
             Began as a Vine Stalker Monk on Mar 24, 2015.
             Mangled by a mummy (9 damage)
             ... in an ossuary.
             The game lasted 00:09:43 (2747 turns).

Chiseanne the Covered (Vine Stalker Monk)           Turns: 2747, Time: 00:09:43

Health: -8/35      AC:  7    Str: 15    XL:     7   Next: 14%
Magic:  0/13       EV: 10    Int: 10    God:
Gold:   298        SH:  0    Dex: 17    Spells: 0 memorised, 6 levels left

rFire  . . .     SeeInvis .       - Unarmed
rCold  . . .     Clarity  .     e - +0 scale mail (curse)
rNeg   . . .     SustAb   .     (no shield)
rPois  .         Gourm    .     (no helmet)
rElec  .         Spirit   +     (no cloak)
rCorr  .         Warding  .     (no gloves)
rMut   .         Rnd*Tele +     (no boots)
MR     .....                    (no amulet)
Stlth  +.........               (no ring)
                                h - ring of teleportation (curse)

@: about to teleport, marked, not resistant to hostile enchantments, very
unstealthy
A: fangs 2, regeneration 2, magic shield, antimagic bite, no device heal 3, rot
immunity
a: Evoke Teleportation


You were in an ossuary.
You were not hungry.

You visited 1 branch of the dungeon, and saw 4 of its levels.
You also visited: Ossuary.

You collected 298 gold pieces.

Inventory:

Armour
 a - a cursed -1 leather armour
 e - a cursed +0 scale mail (worn)
 n - the +1 robe "Mibri" {-Cast rPois MR+, unknown}
   (You found it on level 4 of the Dungeon)

   It protects you from poison.
   It affects your resistance to hostile enchantments.
   It prevents spellcasting.
Jewellery
 h - a cursed ring of teleportation (left hand)
Scrolls
 l - a scroll of teleportation
 r - a scroll of enchant weapon
Potions
 d - 2 potions of curing
 g - a potion of cancellation
 i - a potion of restore abilities {unknown}
 j - a potion of haste
 k - a potion of invisibility
 m - a potion of poison {unknown}
 o - a potion of magic {unknown}
 p - a potion of might {unknown}
 s - a potion of beneficial mutation {unknown}
 t - a potion of agility {unknown}
 u - a potion of lignification {unknown}
Comestibles
 b - 2 bread rations
 c - a meat ration
 f - a slice of pizza
 q - 2 chunks of flesh


   Skills:
 - Level 2.8 Fighting
 * Level 4.6 Armour
 - Level 2.5 Dodging
 - Level 2.4 Stealth
 - Level 4.3 Unarmed Combat
 * Level 3.6 Evocations


You had 6 spell levels left.
You didn't know any spells.

Dungeon Overview and Level Annotations

Branches:
Dungeon (4/15)
 Temple: D:4-7

Altars:
Vehumet

Annotations:
D:3 Pirate's ghost, average OpIE


Innate Abilities, Weirdness & Mutations

You have extremely sharp teeth.
You heal very quickly.
When hurt, damage is shared between your health and your magic reserves.
Your bite disrupts and absorbs the magic of your enemies.
Potions and wands cannot restore your health.
You are immune to rotting.


Message History

The mummy hits you.
You hit the mummy.
The mummy is severely damaged.
The mummy hits you!
* * * LOW HITPOINT WARNING * * *
The mummy hits you.
* * * LOW HITPOINT WARNING * * *
Read which item? (? for menu, Esc to quit)
As you read the scroll of teleportation, it crumbles to dust.
You feel strangely unstable. The mummy closely misses you.
The mummy barely misses you.
You hit the mummy but do no damage. You bite the mummy. You drain its power.
You feel invigorated.
The mummy is almost destroyed.
You closely miss the mummy.
The mummy is almost destroyed.
The mummy hits you!
* * * LOW HITPOINT WARNING * * *
The mummy hits you!
You die...

##......
#...... .
#.....##...
..........
.ZMZ.....
#MM.Z......
#M##........
##M.##......
##@M..##....#
##......#....#
#.......#....#
#.......#....#
#.......#..Z.#
##......#....#
#.....##..Z.#
##....##....#
#...###.∩∩.#


You could see 6 mummies, a kobold zombie and a big kobold zombie.

Vanquished Creatures
  A phantom (D:4)
  An ogre (D:3)
  A centaur (D:4)
  A worker ant (D:4)
  An orc wizard (D:3)
  An orc priest (D:3)
  Natasha (D:4)
  A hound skeleton (D:4)
  A mummy (Ossuary)
  3 adders
  2 giant geckos
  An ooze (D:2)
  10 orcs
  8 bats
  9 giant cockroaches
  9 hobgoblins
  10 jackals
  5 kobolds
  A quokka (D:3)
  A ball python (D:1)
  2 giant newts
  3 goblins
  A hobgoblin zombie (Ossuary)
  2 kobold zombies (Ossuary)
  An orc zombie (Ossuary)
  7 rats
84 creatures vanquished.

Notes
Turn   | Place    | Note
--------------------------------------------------------------
     0 | D:1      | Chiseanne, the Vine Stalker Monk, began the quest for the Orb.
     0 | D:1      | Reached XP level 1. HP: 11/11 MP: 1/1
     3 | D:1      | Noticed an electric eel
    28 | D:1      | Noticed an electric eel
   111 | D:1      | Reached XP level 2. HP: 16/16 MP: 0/3
   720 | D:2      | Reached skill level 1 in Armour
   726 | D:2      | Reached XP level 3. HP: 16/19 MP: 4/4
   739 | D:2      | Found a radiant altar of Vehumet.
  1463 | D:3      | Reached XP level 4. HP: 23/23 MP: 5/5
  1773 | D:3      | Noticed Pirate's ghost (average OpIE)
  1943 | D:3      | Reached XP level 5. HP: 9/28 MP: 5/7
  2197 | D:3      | Noticed an ogre
  2206 | D:3      | Killed an ogre
  2206 | D:3      | Reached skill level 1 in Evocations
  2206 | D:3      | Gained mutation: You heal very quickly. [vine stalker growth]
  2206 | D:3      | Reached XP level 6. HP: 32/32 MP: 7/9
  2466 | D:4      | Noticed Natasha
  2478 | D:4      | Killed Natasha
  2515 | D:4      | Reached XP level 7. HP: 35/35 MP: 12/12
  2577 | D:4      | Got a creamy pearl robe
  2664 | D:4      | Found a sand-covered staircase.
  2669 | Ossuary  | Entered an ossuary
  2747 | Ossuary  | HP: 1/35 [mummy (8)]
  2747 | Ossuary  | Mangled by a mummy

Action                   |  1- 3 |  4- 6 |  7- 9 || total
-------------------------+-------+-------+-------++-------
Melee: Unarmed           |    99 |   119 |    72 ||   290
 Abil: Evoke Teleportati |       |     1 |       ||     1
  Use: Scroll            |     8 |     1 |     2 ||    11
 Stab: Sleeping          |     3 |       |       ||     3
  Eat: Chunk             |     2 |     3 |     1 ||     6
